AoeStats
← BEagLe

Arena

506466155Analyzed
3v3 RM · 18d ago on Sep 13, 2026· 39m 52s· 6 players
Game mode
Random Map
Map size
Normal (6 player)
Population
200
Speed
Normal
Resources
Standard
Victory
Conquest
Starting age
Dark Age
Ending age
Imperial Age
RankedLock teamsTeams togetherTeam positionsShared explorationLock speedFull tech treeHidden civsTurbo modeCheats
Victory
Defeat
🇹🇷 Japanese · Türkiye
1389
+14
🇹🇷 Slavs · Türkiye
1385
+14
🇹🇷 Bengalis · Türkiye
1340
+16
🇪🇸 Vietnamese · Spain
1383
-15
🇧🇴 Byzantines · Bolivia
1351
-15
🇮🇹 Shu · Italy
1318
-14
Aiuda
10:44 Feudal Age
11:01 Loom
15:23 Fletching
20:05 Castle Age
18:41 Double-Bit Axe
22:51 Bodkin Arrow
22:56 Padded Archer Armor
26:43 Bow Saw
30:50 Leather Archer Armor
32:00 Wheelbarrow
31:45 Town Watch
35:41 Imperial Age
32:39 Crossbowman
33:52 Squires
36:00 Thumb Ring
37:24 Chemistry
37:04 Ring Archer Armor
36:36 Bracer
36:53 Arbalester
38:05 Ring Archer Armor
38:22 Ballistics
Janez
11:00 Feudal Age
12:38 Double-Bit Axe
15:43 Castle Age
13:26 Horse Collar
14:59 Stone Mining
15:01 Gold Mining
15:16 Loom
20:36 Bow Saw
22:05 Heavy Plow
23:15 Wheelbarrow
22:26 Town Watch
25:06 Hand Cart
25:14 Stone Mining
26:29 Gold Shaft Mining
29:00 Imperial Age
29:05 Scale Mail Armor
29:15 Forging
30:50 Two-Man Saw
30:09 Chain Mail Armor
30:14 Fortified Wall
30:28 Conscription
30:35 Town Patrol
30:47 Squires
30:33 Arson
32:59 Elite White Feather Guard
36:03 Murder Holes
36:20 Masonry
36:52 Coiled Serpent Array
37:35 Fletching
38:16 Plate Mail Armor
yecjoel
10:10 Feudal Age
14:02 Castle Age
12:01 Double-Bit Axe
14:59 Bow Saw
16:19 Horse Collar
17:56 Loom
18:53 Wheelbarrow
20:55 Heavy Plow
26:09 Imperial Age
23:57 Hand Cart
24:16 Gold Mining
26:18 Gold Shaft Mining
27:55 Chemistry
27:56 Two-Man Saw
27:58 Crop Rotation
28:22 Padded Archer Armor
29:41 Leather Archer Armor
32:18 Pikeman
33:42 Ring Archer Armor
33:29 Scale Mail Armor
34:41 Halberdier
36:09 Chain Mail Armor
36:09 Squires
36:45 Forging
38:16 Plate Mail Armor
37:08 Man-at-Arms
38:03 Stone Mining
39:27 Sanctity
BEagLe
10:40 Feudal Age
9:18 Loom
14:32 Castle Age
12:18 Loom
13:19 Double-Bit Axe
13:17 Horse Collar
22:29 Wheelbarrow
26:09 Gold Mining
28:59 Imperial Age
28:14 Scale Barding Armor
28:20 Forging
29:23 Chain Barding Armor
29:38 Elite Battle Elephant
30:19 Husbandry
31:08 Bloodlines
35:16 Plate Barding Armor
37:08 Iron Casting
37:17 Conscription
40:58 Chemistry
mert3x
10:17 Feudal Age
15:26 Castle Age
13:23 Double-Bit Axe
19:53 Wheelbarrow
21:17 Loom
27:55 Imperial Age
26:42 Scale Barding Armor
26:48 Forging
27:03 Hand Cart
27:44 Chain Barding Armor
27:26 Murder Holes
27:51 Ballistics
27:26 Fletching
30:04 Plate Barding Armor
30:06 Iron Casting
29:22 Fletching
34:44 Blast Furnace
33:40 Bodkin Arrow
34:01 Fortified Wall
34:44 Husbandry
34:54 Bloodlines
34:51 Elite Boyar
35:03 Elite Boyar
36:13 Conscription
35:23 Cavalier
35:35 Light Cavalry
36:49 Hussar
38:24 Elite Skirmisher
hasthagbt
7:01 Loom
9:22 Feudal Age
10:22 Double-Bit Axe
11:29 Horse Collar
13:59 Fletching
21:32 Castle Age
20:03 Gold Mining
21:09 Town Watch
22:36 Bow Saw
24:11 Fortified Wall
24:51 Wheelbarrow
27:55 Imperial Age
25:44 Stone Mining
27:33 Scale Mail Armor
27:52 Masonry
30:28 Bodkin Arrow
31:35 Conscription
33:11 Chain Mail Armor
32:58 Squires
33:51 Arson
34:41 Plate Mail Armor
38:06 Hand Cart
37:51 Elite Samurai
39:30 Forging
Connection lost

Rejoining the realm…

Still unreachable

The connection could not be restored.

Session expired

The server has moved on; the page needs a fresh start.